 Dungeon Crawl Stone Soup version 0.30.1-11-g7821555f0a (webtiles) character file.

Game seed: 15209010822938072158

1220 Heoruswealwe the Thaumaturge (level 8, -4/41 HPs)
             Began as a Deep Elf Conjurer on Jan 12, 2024.
             Killed from afar by Maggie (20 damage)
             ... with a bolt of fire
             ... on level 6 of the Dungeon.
             The game lasted 00:48:26 (4527 turns).

Heoruswealwe the Thaumaturge (Deep Elf Conjurer)    Turns: 4527, Time: 00:48:27

Health: -4/41      AC:  3    Str:  4    XL:     8   Next: 23%
Magic:  23/23      EV: 12    Int: 26    God:
Gold:   349        SH:  0    Dex: 13    Spells: 12/26 levels left

rFire   . . .        a - +5 dagger
rCold   . . .        (no shield)
rNeg    . . .        c - +0 robe
rPois   .            g - +0 helmet
rElec   .            (no cloak)
rCorr   .            (no gloves)
SInv    .            (no boots)
Will    .....        i - amulet of magic regeneration
Stlth   ++           (no ring)
HPRegen 0.26/turn    (no ring)
MPRegen 0.58/turn

%: no passive effects
@: no status effects
A: no striking features
a: no special abilities


You were on level 6 of the Dungeon.
You visited 1 branch of the dungeon, and saw 6 of its levels.

You collected 349 gold pieces.

Inventory:

Hand Weapons
 a - a +5 dagger (weapon)
Armour
 c - a +0 robe (worn)
 g - a +0 helmet (worn)
 h - a +0 robe
 q - a +0 robe
 w - a +0 robe
Jewellery
 i - an amulet of magic regeneration (around neck)
Wands
 z - a wand of paralysis (12)
 B - a wand of mindburst (13)
Scrolls
 b - a scroll of fog
 f - 2 scrolls of amnesia
 j - 3 scrolls of teleportation
 k - a scroll of brand weapon
 m - a scroll of fear
 o - a scroll of magic mapping
 p - a scroll of torment {unknown}
 y - 2 scrolls of blinking
 A - a scroll of poison {unknown}
Potions
 d - a potion of haste {unknown}
 e - a potion of heal wounds {unknown}
 l - a potion of ambrosia {unknown}
 n - a potion of resistance {unknown}
 r - a potion of lignification {unknown}
 s - 4 potions of curing
 t - 2 potions of attraction {unknown}
 v - a potion of mutation {unknown}
 x - 4 potions of might {unknown}
Miscellaneous
 u - a tin of tremorstones (2/2)


   Skills:
 - Level 2.4 Dodging
 - Level 2.4 Stealth
 + Level 9.6 Spellcasting
 + Level 8.9 Conjurations


You had 12 spell levels left.
You knew the following spells:

 Your Spells              Type           Power      Damage    Failure   Level
a - Magic Dart            Conj           100%       1d8       1%          1
b - Searing Ray           Conj           100%       2d8       1%          2
c - Dazzling Flash        Conj/Hex       70%        N/A       2%          3
d - Fulminant Prism       Conj/Hex       17%        3d10      8%          4
e - Iskenderun's Mystic   Conj/Tloc      35%        2d8       8%          4

Your spell library contained the following spells:

 Spells                   Type           Power      Damage    Failure   Level


Dungeon Overview and Level Annotations

Branches:
Dungeon (6/15)
 Temple: D:4-7

Altars:
Ashenzari
Dithmenos
Fedhas
Kikubaaqudgha
Vehumet
Wu Jian
Xom

Shops:
D:4 (

Annotations:
D:6 Maggie


Message History

There is an open door here.
Found a scroll labelled HINUOT HAZIR.
Found a blossoming altar of Fedhas and a faded altar of an unknown god.
A water moccasin comes into view.
Found a shadowy altar of Dithmenos.
The water moccasin hisses angrily.
The magic dart hits the water moccasin.
The water moccasin is lightly wounded.
Casting: Magic Dart (safe; 1% risk of failure)
Confirm with . or Enter, or press ? or * to list all spells.
Aiming: Searing Ray (safe; 1% risk of failure)
Press: ? - help, Shift-Dir - straight line, f/p - water moccasin
Aim: a water moccasin (lightly wounded, 72% to hit)
The searing ray hits the water moccasin.
The water moccasin is moderately wounded. (Press . to maintain the ray.)
The searing ray hits the water moccasin.
The water moccasin is heavily wounded.
The water moccasin misses you.
The searing ray hits the water moccasin.
The water moccasin is severely wounded.
The water moccasin closely misses you.
The searing ray hits the water moccasin!
You kill the water moccasin!
You finish channelling your searing ray.
There is a faded altar of an unknown god here.
This altar belongs to (a) Nemelex Xobeh, (b) the Shining One or (c) Elyvilon, but you can't tell which.
Press the corresponding letter to learn more about a god, or press enter to convert or escape to cancel.
Okay, then.
Found an ornate altar of the Wu Jian Council.
Found a shimmering altar of Xom.
There is a shadowy altar of Dithmenos here.
A - a scroll labelled HINUOT HAZIR
There is an open door here.
Maggie the Vainglorious comes into view.
She is wielding a +2 glaive of flaming.
Maggie shouts!
Maggie hits you from afar with a +2 glaive of flaming!
Maggie burns you!
Maggie points at you and mumbles some strange words.
The bolt of fire hits you!!
You die...

#### #..
#@# #@####
#....#
####.#
##.# ###
#..# #_##
#.##
...####
#.#
......##
#.#
...##..###
#.#


You could see Maggie.

Vanquished Creatures
  3 water moccasins
  An ice beast (D:3)
  A centaur (D:5)
  A phantom (D:5)
  2 scorpions
  3 killer bees (D:4)
  3 hounds
  Jessica (D:3)
  2 iguanas
  4 gnolls (D:4)
  9 adders
  2 ufetubi
  A worm (D:3)
  4 dart slugs
  13 orcs
  7 ball pythons
  8 endoplasms
  3 giant cockroaches
  8 hobgoblins
  8 kobolds
  2 quokkas (D:3)
  3 bats
  3 frilled lizards
  10 goblins
  7 rats
109 creatures vanquished.

Notes
Turn   | Place    | Note
-------+----------+-------------------------------------------
     0 | D:1      | Heoruswealwe the Deep Elf Conjurer began the quest for the
                  | Orb.
     0 | D:1      | Reached XP level 1. HP: 10/10 MP: 6/6
   298 | D:1      | Reached XP level 2. HP: 15/15 MP: 6/8
   301 | D:1      | Learned a level 2 spell: Searing Ray
   700 | D:2      | Reached skill level 4 in Spellcasting
   794 | D:2      | Reached skill level 5 in Conjurations
   794 | D:2      | Reached XP level 3. HP: 18/19 MP: 6/10
   805 | D:2      | Learned a level 3 spell: Dazzling Flash
  1249 | D:2      | You fall into a shaft and drop 1 floor!
  1445 | D:3      | Noticed Jessica
  1449 | D:3      | Reached XP level 4. HP: 24/24 MP: 7/12
  1449 | D:3      | Killed Jessica
  1450 | D:3      | Reached skill level 5 in Spellcasting
  1604 | D:3      | Learned a level 4 spell: Fulminant Prism
  1789 | D:3      | Noticed an ice beast
  1870 | D:3      | Killed an ice beast
  1871 | D:3      | Reached skill level 6 in Spellcasting
  1871 | D:3      | Reached XP level 5. HP: 15/28 MP: 6/15
  1877 | D:3      | Learned a level 4 spell: Iskenderun's Mystic Blast
  2356 | D:4      | Found Ginuqidu's Weapon Shoppe.
  2372 | D:4      | Reached XP level 6. HP: 32/32 MP: 5/17
  2377 | D:4      | HP: 1/32 [killer bee (8)]
  2499 | D:4      | Reached skill level 7 in Spellcasting
  3089 | D:5      | Entered Level 5 of the Dungeon
  3289 | D:5      | Reached XP level 7. HP: 36/36 MP: 15/20
  3357 | D:5      | Reached skill level 8 in Spellcasting
  4143 | D:6      | Reached skill level 9 in Spellcasting
  4143 | D:6      | Reached XP level 8. HP: 41/41 MP: 18/23
  4273 | D:6      | Identified the +1 leather armour of the Alphagorgon {Contam
                  | rN++ rCorr Int+3}
  4398 | D:6      | Found an ancient bone altar of Kikubaaqudgha.
  4398 | D:6      | Found a broken altar of Ashenzari.
  4400 | D:6      | Found a radiant altar of Vehumet.
  4455 | D:6      | Found a blossoming altar of Fedhas.
  4455 | D:6      | Found a faded altar of an unknown god.
  4461 | D:6      | Found a shadowy altar of Dithmenos.
  4471 | D:6      | Found an ornate altar of the Wu Jian Council.
  4472 | D:6      | Found a shimmering altar of Xom.
  4526 | D:6      | Noticed Maggie
  4527 | D:6      | Killed from afar by Maggie

Illustrated notes

Levels and vault maps discovered:
D:1:      dpeg_arrival_rooms_with_view, layout_loops_ring, st_stairs_7
D:2:      layout_rooms
D:3:      minmay_octagon_keep, layout_basic, kennysheep_cross_room,
          kennysheep_jessica_study
D:4:      layout_rooms, serial_shops, nicolae_shop_trees, serial_bayou_lake_a
D:5:      layout_basic
D:6:      layout_basic, nicolae_overflow_hidden_temple,
          chequers_temple_overflow_minitemple, uniq_maggie

Skill      XL: |  1  2  3  4  5  6  7 |
---------------+----------------------+-----
Spellcasting   | 4 6 7 9 |  9.6
Conjurations   | 5 6 7 8 |  8.9
Dodging        | |  2.4
Stealth        | |  2.4

Action                     |  1- 3 |  4- 6 |  7- 9 || total
---------------------------+-------+-------+-------++-------
  Melee: Unarmed           |     1 |       |       ||     1
         Dagger            |       |    60 |       ||    60
         Punch             |       |     1 |       ||     1
   Cast: Magic Dart        |    68 |    80 |    35 ||   183
         Searing Ray       |     2 |    12 |    13 ||    27
         Iskenderun's Myst |       |       |     1 ||     1
    Use: Scroll            |     4 |     3 |     3 ||    10
         Potion            |       |     3 |       ||     3
 Armour: Robe              |     5 |     2 |     2 ||     9
  Dodge: Dodged            |     8 |    21 |    19 ||    48
